 Dungeon Crawl Stone Soup version 0.25.1-2-g60ff931df9 (webtiles) character file.

Game seed: 14498661683887581321

19 Martska the Changer (level 2, 0/25 HPs)
             Began as a Naga Transmuter on Oct 14, 2020.
             Slain by a jackal (3 damage)
             ... on level 1 of the Dungeon.
             The game lasted 00:00:59 (592 turns).

Martska the Changer (Naga Transmuter)                Turns: 592, Time: 00:00:59

Health: 0/25       AC:  1    Str: 12    XL:     2   Next: 75%
Magic:  5/5        EV: 10    Int: 13    God:
Gold:   20         SH:  0    Dex: 11    Spells: 4/5 levels left

rFire    + . .     SeeInvis +   i - +0 short sword
rCold    x . .     Gourm    .   (no shield)
rNeg     . . .     Faith    .   b - +0 robe
rPois    +         Spirit   .   (no helmet)
rElec    .         Reflect  .   (no cloak)
rCorr    .         Harm     .   (no gloves)
MR       .....                  (no barding)
Stlth    +.........             (no amulet)
HPRegen  0.08/turn              e - ring of fire
MPRegen  0.09/turn              (no ring)

@: short of breath, very slow
A: large, see invisible, deformed body, poison resistance, slowness 2, slow
metabolism 1, spit poison 1, AC +0
a: Spit Poison


You were on level 1 of the Dungeon.
You were not hungry.

You visited 1 branch of the dungeon, and saw 1 of its levels.

You collected 20 gold pieces.

Inventory:

Hand Weapons
 i - a +0 short sword (weapon)
Missiles
 a - 12 arrows
Armour
 b - a +0 robe (worn)
Jewellery
 e - a ring of fire (left hand)
 k - a cursed amulet of inaccuracy {unknown}
Scrolls
 c - a scroll of identify {unknown}
 g - a scroll of enchant armour {unknown}
Potions
 h - a potion of might {unknown}
 j - 2 potions of resistance {unknown}
Comestibles
 d - 4 rations
 f - a chunk of flesh


   Skills:
 - Level 1.0 Fighting
 - Level 1.5 Dodging
 - Level 3.0 Unarmed Combat
 - Level 2.0 Spellcasting
 + Level 3.2 Transmutations


You had 4 spell levels left.
You knew the following spells:

 Your Spells              Type           Power        Failure   Level  Hunger
a - Beastly Appendage     Tmut           #.....       7%          1    ##.....

Your spell library contained the following spells:

 Spells                   Type           Power        Failure   Level  Hunger
 Sticks to Snakes         Tmut           #.......     11%         2    ###....
 Spider Form              Tmut/Pois      #.........   36%         3    ####...
 Ice Form                 Ice/Tmut       #.......     78%         4    #####..
 Blade Hands              Tmut           #.........   88%         5    ######.


Dungeon Overview and Level Annotations

Branches:
Dungeon (1/15)

Altars:


Innate Abilities, Weirdness & Mutations

You cannot wear boots.
Your serpentine skin is tough. (AC +0)
You have supernaturally acute eyesight. (SInv)
Armour fits poorly on your strangely shaped body.
Your system is resistant to poisons. (rPois)
You cover ground very slowly.
You have a slow metabolism.
You can spit poison.


Message History

You closely miss the jackal.
The jackal is heavily wounded.
The jackal bites you.
You hit the jackal.
The jackal is severely wounded.
You have got your breath back.
The jackal bites you.
* * * LOW HITPOINT WARNING * * *
The jackal bites you.
* * * LOW HITPOINT WARNING * * *
Press: ? - help, Shift-Dir - straight line, f - jackal
Aim: a jackal (severely wounded)
The splash of poison hits the jackal!
You kill the jackal!
You feel slightly more hungry. The jackal bites you.
* * * LOW HITPOINT WARNING * * *
You hit the jackal.
The jackal is severely wounded.
The jackal bites you.
You die...

#...## .....# #.... #...# #...#
#...# #.# #h# ##### #@#########
...# #.#.......# # #####.###
#.#.#####.# ###
#.........####.#.#####.###.##
#..####.#...........##.##...##
#.........####.#.##..........#
##..##.#...###....#####.##...##
#..........##...........###.##
#.#.##..#..###...######## #.#


You could see a jackal.

Vanquished Creatures
  2 dart slugs (D:1)
  A giant cockroach (D:1)
  A goblin (D:1)
  A hobgoblin (D:1)
  3 jackals (D:1)
  A bat (D:1)
  2 frilled lizards (D:1)
  2 kobolds (D:1)
  2 rats (D:1)
15 creatures vanquished.

Notes
Turn   | Place    | Note
-------+----------+-------------------------------------------
     0 | D:1      | Martska the Naga Transmuter began the quest for the Orb.
     0 | D:1      | Reached XP level 1. HP: 18/18 MP: 3/3
     6 | D:1      | Noticed an electric eel
   263 | D:1      | Reached XP level 2. HP: 22/25 MP: 5/5
   592 | D:1      | Slain by a jackal

Illustrated notes

Levels and vault maps discovered:
D:1:      arrival_aquarium_a, layout_loops_corners

Skill      XL: |  1  2 |
---------------+-------+-----
Transmutations | 3 |  3.2
Fighting       | |  1.0
Dodging        | |  1.5
Unarmed Combat | |  3.0
Spellcasting   | |  2.0

Action                   || total
-------------------------++-------
Melee: Unarmed           ||    14
       Short sword       ||    18
 Abil: Spit Poison       ||     7
Armor: Robe              ||     2
Dodge: Dodged            ||    22
